 Dungeon Crawl Stone Soup version 0.27-b1-23-g44b8eac545 (webtiles) character file.

Game seed: 6732204127026141240

27 hawla the Sneak (level 2, 0/18 HPs)
             Began as a Deep Elf Delver on July 27, 2021.
             Succumbed to an adder's poison
             ... on level 2 of the Dungeon.
             The game lasted 00:05:17 (1502 turns).

hawla the Sneak (Deep Elf Delver)                   Turns: 1502, Time: 00:05:18

Health: 0/18       AC:  4    Str:  9    XL:     2   Next: 93%
Magic:  5/5        EV: 12    Int: 14    God:
Gold:   37         SH:  0    Dex: 16    Spells: 2/3 levels left

rFire    . . .     SeeInvis .   a - +0 short sword
rCold    . . .     Faith    .   (no shield)
rNeg     . . .     Spirit   .   b - +0 leather armour
rPois    .         Reflect  .   (no helmet)
rElec    .         Harm     .   (no cloak)
rCorr    .         Rampage  .   i - +0 pair of gloves
Will     .....     Rnd*Tele +   (no boots)
Stlth    +++.......             (no amulet)
HPRegen  0.06/turn              (no ring)
MPRegen  0.09/turn              (no ring)

@: lethally poisoned (0 -> -1)
A: passive freeze, teleportitis 1
a: no special abilities


You were on level 2 of the Dungeon.
You visited 1 branch of the dungeon, and saw 5 of its levels.

You collected 37 gold pieces.

Inventory:

Hand Weapons
 a - a +0 short sword (weapon)
Armour
 b - a +0 leather armour (worn)
 i - a +0 pair of gloves (worn)
Wands
 g - a wand of digging (3)
Scrolls
 c - 2 scrolls of fog
 d - a scroll of magic mapping
 f - a scroll of teleportation


   Skills:
 + Level 2.5 Fighting
 + Level 2.2 Short Blades
 + Level 0.6 Throwing
 + Level 2.9 Dodging
 + Level 6.1 Stealth
 - Level 1.0 Spellcasting
 + Level 0.0 Hexes
 + Level 0.0 Ice Magic
 + Level 0.9 Evocations


You had 2 spell levels left.
You knew the following spells:

 Your Spells              Type           Power      Damage    Failure   Level
a - Corona                Hex            0%         N/A       36%         1

Your spell library contained the following spells:

 Spells                   Type           Power      Damage    Failure   Level
 Ensorcelled Hibernation  Hex/Ice        0%         N/A       50%         2
 Tukima's Dance           Hex            0%         N/A       73%         3


Dungeon Overview and Level Annotations

Branches:
Dungeon (5/15)
 Temple: D:4-7

Altars:


Innate Abilities, Weirdness & Mutations

A frigid envelope surrounds you and freezes all who hurt you.
You are occasionally teleported next to monsters.


Message History

You barely miss the adder.
The adder is heavily wounded.
You feel sick. The adder closely misses you. The adder barely misses you. x2
The adder closely misses you.
You closely miss the adder.
The adder is heavily wounded.
You feel sick.
The adder bites you but does no damage. x2
You feel sick.
You feel sick.
You are no longer poisoned.
The adder bites you but does no damage.
You see here a +0 hand axe.
You hit the adder.
The adder is severely wounded.
The adder bites you.
You barely miss the adder.
The adder is severely wounded.
The adder bites you but does no damage. The adder bites you.
You miss the adder.
The adder is severely wounded.
The adder barely misses you.
You miss the adder.
The adder is severely wounded.
The adder bites you.
You are lethally poisoned!
The adder poisons you!
It was a potion of mutation.
You feel extremely strange.
Your skin feels very cold.
You feel weirdly uncertain.
* * * LOW HITPOINT WARNING * * *
You feel sick. The adder misses you. The adder barely misses you.
* * * LOW HITPOINT WARNING * * *
You feel sick.
You aren't carrying any potions.
As you read the scroll of fear, it crumbles to dust.
You assume a fearsome visage.
The adder looks frightened! x2
* * * LOW HITPOINT WARNING * * *
You feel sick.
* * * LOW HITPOINT WARNING * * *
You feel sick.
You die...

#.....................##
###.####.................#
..............####......#
##.####.#####.####.####.#
.. .(.##.# ..........#.#
....#.#..###.#.##...#.##.#
.............#.##...#.##.#
......#.######.##...#.##.#
..........SS....@.....>#.#
........#.#######...#.##.#
######.##.#######...####.#
....#.#<†..........#.#
#.#..#.######.#####.#.#
#.#..#.......... # #
#.#########..... #<#
........ #.# ######..


You could see 2 adders.

Vanquished Creatures
  2 endoplasms (D:1)
  2 giant cockroaches
  A hobgoblin (D:2)
  A jackal (D:1)
  3 kobolds (D:1)
  2 quokkas (D:1)
  8 ball pythons (D:1)
  2 bats (D:1)
  A frilled lizard (D:2)
  A goblin (D:1)
  2 rats (D:1)
25 creatures vanquished.

Notes
Turn   | Place    | Note
-------+----------+-------------------------------------------
     0 | D:5      | hawla the Deep Elf Delver began the quest for the Orb.
     0 | D:5      | Reached XP level 1. HP: 13/13 MP: 3/3
   319 | D:1      | Reached XP level 2. HP: 18/18 MP: 4/4
   412 | D:1      | Reached skill level 1 in Spellcasting
  1462 | D:2      | Learned a level 1 spell: Corona
  1498 | D:2      | Gained mutation: A frigid envelope surrounds you and
                  | freezes all who hurt you. [potion of mutation]
  1498 | D:2      | Gained mutation: You are occasionally teleported next to
                  | monsters. [potion of mutation]
  1502 | D:2      | Succumbed to an adder's poison

Illustrated notes

Levels and vault maps discovered:
D:1:      minmay_arrival_shattered_statue, layout_loops_cross
D:2:      layout_basic, hellmonk_ecumenical_altar_lost_god
D:3:      layout_basic, hangedman_decor_points
D:4:      layout_basic, okawaru_gym_becter, serial_shops, nicolae_shop_stone
D:5:      lemuel_insect_pit, layout_rooms, uniq_duvessa, uniq_sigmund

Skill      XL: |  1  2 |
---------------+-------+-----
Spellcasting   | 1 |  1.0
Fighting       | |  2.5
Short Blades   | |  2.2
Throwing       | |  0.6
Dodging        | |  2.9
Stealth        | |  6.1
Evocations     | |  0.9

Action                   || total
-------------------------++-------
Melee: Short sword       ||    68
  Use: Scroll            ||     4
       Potion            ||     2
 Stab: Sleeping          ||    11
Armor: Leather armour    ||    25
Dodge: Dodged            ||    56
